 Dungeon Crawl Stone Soup version 0.30-a0-23-ge60ba3568b (webtiles) character file.

Game seed: 15659011238037692709

65 melkoren the Poker (level 4, -1/42 HPs)
             Began as a Naga Berserker on Aug 25, 2022.
             Was a Believer of Trog.
             Slain by a crimson imp (2 damage)
             ... summoned by Natasha
             ... on level 2 of the Dungeon.
             The game lasted 00:07:40 (2395 turns).

melkoren the Poker (Naga Berserker)                 Turns: 2395, Time: 00:07:41

Health: -1/42      AC:  5    Str: 19    XL:     4   Next: 14%
Magic:  4/4        EV:  8    Int: 11    God:    Trog [**....]
Gold:   96         SH:  3    Dex: 11    Spells: 3/3 levels left

rFire   . . .      SeeInvis +    a - +1 spear
rCold   . . .      Faith    +    v - +0 buckler
rNeg    . . .      Spirit   .    j - +0 ring mail
rPois   +          Reflect  .    q - +0 helmet
rElec   .          Harm     .    (no cloak)
rCorr   .          Rampage  .    (no gloves)
Will    +....                    (no barding)
Stlth   +.........               T - amulet of faith {!P}
HPRegen 0.14/turn                (no ring)
MPRegen 0.09/turn                (no ring)

@: very slow
A: AC +1, large, see invisible, deformed body, poison resistance, slowness 2,
spit poison 1, naga tail 1, clever 1, strong-willed 1, MP-powered wands
a: Spit Poison, Renounce Religion, Berserk, Trog's Hand


You were on level 2 of the Dungeon.
You worshipped Trog.
Trog was pleased with you.
You visited 1 branch of the dungeon, and saw 2 of its levels.

You collected 96 gold pieces.


Innate Abilities, Weirdness & Mutations

Your serpentine skin is tough. (AC +1)
You have supernaturally acute eyesight. (SInv)
Armour fits poorly on your strangely shaped body.
Your system is resistant to poisons. (rPois)
You cover ground very slowly.
You can spit poison.
You have a snake-like lower body.
Your mind is acute. (Int +4, Str/Dex -1)
You are strong-willed. (Will+)
You expend magic power (3 MP) to strengthen your wands.


   Skills:
 + Level 3.5 Fighting
 + Level 3.5 Polearms
 + Level 2.2 Armour
 + Level 2.2 Dodging


You had 3 spell levels left.
You didn't know any spells.
Your spell library contained the following spells:

 Spells                   Type           Power      Damage    Failure   Level
 Blink                    Tloc           0%         N/A       75%         2
 Lesser Beckoning         Tloc           0%         N/A       93%         3
 Manifold Assault         Tloc           0%         N/A       100%        5

Inventory:

Hand Weapons
 a - a +1 spear (weapon)
 t - a +2 dagger of draining
   (You took it off a kobold on level 2 of the Dungeon)
Missiles
 c - 27 stones
 g - 5 poisoned darts (quivered)
Armour
 j - a +0 ring mail (worn)
   (You found it on level 1 of the Dungeon)
 q - a +0 helmet (worn)
   (You took it off Robin on level 2 of the Dungeon)
 v - a +0 buckler (worn)
   (You found it on level 2 of the Dungeon)
Jewellery
 T - an amulet of faith (around neck) {!P}
   (You found it on level 1 of the Dungeon)
Scrolls
 d - 2 scrolls of fear
 e - 4 scrolls of teleportation {@r4}
 m - a scroll of identify {@r1}
Potions
 f - a potion of might
 o - a potion of degeneration {unknown}
 r - a potion of attraction {unknown}

Dungeon Overview and Level Annotations

Branches:
Dungeon (2/15) Zot: 9168

Altars:

Annotations:
D:2 Natasha

#.##.....#.....###.###.........##
#.##.....#.....# #...............
#.##.>...#.....# #####.........#.
#.####...####### #####.#####. #.#
#...# *#######*#.# #. ..# #...#
*.......,#.# #. ### #...#
*.......,#.# #.
#################5......,#.# #.
.†.............5@5......,#.#####.
#################h......,#.......
*******.......,########
*,,,,,,.......,* *,*****#......,*
*<* *######** ***


You could see Natasha, 2 crimson imps and a white imp (summoned).


Message History

As you read the scroll labelled IJUIFFYTHROG, it crumbles to dust.
You feel aware of your surroundings.
It was a scroll of magic mapping.
As you read the scroll labelled YBADORICZIU, it crumbles to dust.
It is a scroll of enchant weapon.
Your +0 spear glows red for a moment.
There is an open door here.
A worm comes into view.
Reach: a) +1 spear
Press: ? - help, Dir - move target, f - worm
Aim: a worm (about 21% to evade your +1 spear)
You reach to attack!
You barely miss the worm.
Reach: a) +1 spear
Press: ? - help, Dir - move target, f/p - worm
Aim: a worm (about 21% to evade your +1 spear)
You reach to attack!
You hit the worm. You barely miss the worm. You puncture the worm!
The worm bites you. 😕 HP[-1]
You take 1 damage, and now have 41/42 hp.
You hit the worm. The worm barely misses you.
You hit the worm. You barely miss the worm. The worm bites you. 😕 HP[-1]
You take 1 damage, and now have 40/42 hp.
You hit the worm. You hit the worm. The worm bites you. 😕 HP[-1]
You take 1 damage, and now have 39/42 hp.
You hit the worm but do no damage. The worm barely misses you.
You barely miss the worm. 😕 HP[+1]
You hit the worm.
You kill the worm!
Trog accepts your kill.
You see here a worm corpse.
Natasha, Servant of Life and Death comes into view.
Natasha hisses angrily.
Natasha mumbles some strange words.
Natasha casts a spell. 😎 HP[+2]
Your hp is fully restored (42).
You closely miss the crimson imp.
Natasha casts a spell.
The crimson imp blinks!
You reach to attack!
You hit the crimson imp but do no damage.
Reach: a) +1 spear
Press: ? - help, Dir - move target, f/p - crimson imp
Aim: a crimson imp (summoned, about 52% to evade your +1 spear)
Okay, then.
Reach: a) +1 spear
Press: ? - help, Dir - move target, f - Natasha, p - crimson imp
Aim: Natasha (about 45% to evade your +1 spear)
Okay, then.
Reach: a) +1 spear
Press: ? - help, Dir - move target, f - Natasha, p - crimson imp
Aim: Natasha (about 45% to evade your +1 spear)
You hit Natasha. The crimson imp barely misses you.
Natasha claws you but does no damage.
Reach: a) +1 spear
Press: ? - help, Dir - move target, f/p - Natasha
Aim: Natasha (moderately wounded, about 45% to evade your +1 spear)
You closely miss Natasha. The white imp gestures at you.
The puff of frost hits you! You block the crimson imp's attack.
Natasha claws you. 😮 HP[-13]
You take 13 damage, and now have 29/42 hp.
MASSIVE DAMAGE!! (PAUSE)
You barely miss Natasha. The white imp gestures at you.
The puff of frost hits you.
The crimson imp hits you but does no damage.
Natasha closely misses you. 😮 HP[-5]
You take 5 damage, and now have 24/42 hp.
You hit Natasha. The white imp gestures at you. The puff of frost hits you.
* * * LOW HITPOINT WARNING * * *
The crimson imp hits you.
* * * LOW HITPOINT WARNING * * *
Natasha drinks a potion.
Natasha is healed!
The crimson imp completely misses you. 😨 HP[-4]
You take 4 damage, and now have 20/42 hp.
You hit Natasha but do no damage. The white imp gestures at you.
The puff of frost hits you!
* * * LOW HITPOINT WARNING * * *
The crimson imp barely misses you. Natasha claws you.
* * * LOW HITPOINT WARNING * * *
The crimson imp hits you but does no damage. 😨 HP[-8]
You take 8 damage, and now have 12/42 hp.
You hit Natasha. The white imp gestures at you. The puff of frost hits you!
* * * LOW HITPOINT WARNING * * *
The crimson imp hits you.
You die...

Skill      XL: |  1  2  3 |
---------------+----------+-----
Armour         | 2 |  2.2
Dodging        | 2 |  2.2
Fighting       | |  3.5
Polearms       | |  3.5

Action                   |  1- 3 |  4- 6 || total
-------------------------+-------+-------++-------
Melee: Spear             |   145 |    31 ||   176
       Punch             |     2 |       ||     2
Throw: Dart              |    12 |       ||    12
Invok: Berserk           |     1 |       ||     1
  Use: Scroll            |     3 |     2 ||     5
       Potion            |     1 |       ||     1
 Stab: Sleeping          |     1 |       ||     1
Armor: Animal skin       |     5 |       ||     5
       Leather armour    |    23 |     5 ||    28
       Ring mail         |       |     3 ||     3
Dodge: Dodged            |    66 |    16 ||    82
Block: Buckler           |       |     1 ||     1

Levels and vault maps discovered:
D:1:      lightli_arrival_isolated_outpost, layout_rooms, basic_ecumenical_altar
D:2:      layout_basic, minmay_misc_feat_nine_boxes, uniq_natasha, uniq_robin

Notes
Turn   | Place    | Note
-------+----------+-------------------------------------------
     0 | D:1      | melkoren the Naga Berserker began the quest for the Orb.
     0 | D:1      | Reached XP level 1. HP: 21/21 MP: 1/1
     0 | D:1      | magus.rc [v1.11.3]
    24 | D:1      | Found a faded altar of an unknown god.
   309 | D:1      | Reached XP level 2. HP: 20/28 MP: 2/2
   922 | D:1      | Gained mutation: You expend magic power (3 MP) to
                  | strengthen your wands. [potion of mutation]
   922 | D:1      | Gained mutation: You are strong-willed. (Will+) [potion of
                  | mutation]
   922 | D:1      | Gained mutation: Your mind is acute. (Int +4, Str/Dex -1)
                  | [potion of mutation]
  1007 | D:2      | HP: 9/42 [goblin/+0 club[Robin] (4)]
  1247 | D:2      | Reached XP level 3. HP: 25/34 MP: 3/3
  1254 | D:2      | Noticed Robin
  1267 | D:2      | Reached skill level 2 in Armour
  1270 | D:2      | Reached skill level 2 in Dodging
  1457 | D:2      | Killed Robin
  1653 | D:2      | You pick up a book of Spatial Translocations {forbidden}
                  | and begin reading...
  1653 | D:2      | You add the spells Blink, Lesser Beckoning and Manifold
                  | Assault to your library.
  1657 | D:2      | Reached ** piety under Trog
  1857 | D:2      | Reached XP level 4. HP: 18/42 MP: 4/4
  2386 | D:2      | Noticed Natasha
  2395 | D:2      | HP: 1/42 [white imp/puff of frost[Natasha] (12)]
  2395 | D:2      | Slain by a crimson imp

Vanquished Creatures
  Robin (D:2)
  A worm (D:2)
  2 ball pythons (D:2)
  4 endoplasms
  4 giant cockroaches
  10 goblins
  6 hobgoblins (D:2)
  3 jackals (D:2)
  A quokka (D:1)
  5 bats
  2 frilled lizards (D:1)
  3 kobolds
  3 rats
45 creatures vanquished.

Table legend:
 A = Non-vault XP
 B = Vault XP
 C = Vault XP percentage of total XP
 D = Non-vault monster count
 E = Vault monster count
 F = Vault count percentage of total count
                 A         B        C        D         E       F
            +---------+---------+-------+---------+---------+-------
      Total |      55 |      39 |  41.5 |      32 |      13 |  28.9
            +---------+---------+-------+---------+---------+-------
        D:1 |      21 |       0 |   0.0 |      15 |       0 |   0.0
        D:2 |      34 |      39 |  53.4 |      17 |      13 |  43.3
            +---------+---------+-------+---------+---------+-------

Illustrated notes

Table legend:
 A = Kills in this place as a percentage of kills in entire the game.
 B = Kills by you in this place as a percentage of kills by you in the entire game.
 C = Kills by friends in this place as a percentage of kills by friends in the entire game.
 D = Other kills in this place as a percentage of other kills in the entire game.
 E = Experience gained in this place as a percentage of experience gained in the entire game.
 F = Experience gained in this place divided by the number of levels of this place that you have seen.
                   A       B       C       D       E      F
               +-------+-------+-------+-------+-------+----------------------
         Total | 100.0 | 100.0 |   N/A |   N/A | 100.0 |  47.0
       Dungeon | 100.0 | 100.0 |   N/A |   N/A | 100.0 |  47.0
               +-------+-------+-------+-------+-------+----------------------

Table legend: (Time is in decaauts)
 A = Elapsed time spent in this place.
 B = Non-inter-level travel time spent in this place.
 C = Inter-level travel time spent in this place.
 D = Time resting spent in this place.
 E = Time spent auto-exploring this place.
 F = Levels seen in this place.
 G = Mean time per level.
                   A        B        C        D        E       F      G
               +--------+--------+--------+--------+--------+-----+--------+
         Total |   2830 |   2799 |     31 |    193 |   2086 |   2 | 1415.0 |
       Dungeon |   2830 |   2799 |     31 |    193 |   2086 |   2 | 1415.0 |
               +--------+--------+--------+--------+--------+-----+--------+

Top non-repeatable levels by time:
     D:2: 1663 daAuts
     D:1: 1167 daAuts
